 Dungeon Crawl Stone Soup version 0.30-a0-586-g23e55c9e0a (webtiles) character file.

Game seed: 5263986668925678072

1748 wormed the Magician (level 9, -5/67 (69) HPs)
             Began as a Gnoll Wanderer on Jan 4, 2023.
             Was a Believer of Cheibriados.
             Slain by an ice beast (13 damage)
             ... on level 7 of the Dungeon.
             The game lasted 00:13:47 (7822 turns).

wormed the Magician (Gnoll Wanderer)                Turns: 7822, Time: 00:13:48

HP:   -5/67 (69)    AC: 12    Str: 18    XL:     9   Next: 6%
MP:   18/18         EV: 13    Int: 19    God:    Cheibriados [**....]
Gold: 283           SH:  0    Dex: 17    Spells: 12/21 levels left

rFire   + . .      SeeInvis .    a - staff of fire
rCold   . . .      Faith    .    (no shield)
rNeg    . . .      Spirit   .    o - +0 leather armour
rPois   +          Reflect  .    w - +0 helmet
rElec   .          Harm     .    (no cloak)
rCorr   .          Rampage  .    z - +0 pair of gloves
Will    .....                    h - +1 pair of boots
Stlth   +++                      (no amulet)
HPRegen 0.31/turn                l - ring of poison resistance
MPRegen 0.16/turn                r - +4 ring of protection

@: on berserk cooldown, slowed, lightly drained, very slow
A: fangs 1, strong nose, distributed training
a: Renounce Religion, Bend Time


You were on level 7 of the Dungeon.
You worshipped Cheibriados.
Cheibriados was pleased with you.
You visited 2 branches of the dungeon, and saw 8 of its levels.

You collected 283 gold pieces.

Inventory:

Missiles
 b - 24 poisoned darts (quivered)
 q - 3 atropa-tipped darts
Armour
 h - a +1 pair of boots (worn)
 o - a +0 leather armour (worn)
 w - a +0 helmet (worn)
 z - a +0 pair of gloves (worn)
Magical Staves
 a - a staff of fire (weapon)
 k - a staff of cold
Jewellery
 d - a +6 ring of strength
 l - a ring of poison resistance (left hand)
 r - a +4 ring of protection (right hand)
Wands
 m - a wand of flame (20)
 v - a wand of charming (19)
Scrolls
 c - 2 scrolls of vulnerability
 j - 2 scrolls of poison
 t - a scroll of enchant armour
 x - 5 scrolls of identify
 y - a scroll of amnesia
 A - a scroll of noise {unknown}
Potions
 f - a potion of invisibility {unknown}
 g - a potion of mutation {unknown}
 i - 3 potions of brilliance
 n - 3 potions of flight {unknown}
 s - a potion of degeneration {unknown}
 u - a potion of ambrosia {unknown}
 B - 2 potions of lignification {unknown}


   Skills:
 + Level 6.1 Fighting
 + Level 4.0 Short Blades
 + Level 4.0 Long Blades
 + Level 4.0 Axes
 + Level 4.0 Maces & Flails
 + Level 4.0 Polearms
 + Level 4.0 Staves
 + Level 4.0 Ranged Weapons
 + Level 6.1 Throwing
 + Level 4.0 Armour
 + Level 4.0 Dodging
 + Level 4.0 Stealth
 + Level 4.0 Shields
 + Level 4.0 Unarmed Combat
 + Level 6.5 Spellcasting
 + Level 3.3 Conjurations
 + Level 5.1 Hexes
 + Level 3.3 Summonings
 + Level 3.3 Necromancy
 + Level 3.3 Translocations
 + Level 3.3 Transmutations
 + Level 3.3 Fire Magic
 + Level 5.1 Ice Magic
 + Level 3.3 Air Magic
 + Level 3.3 Earth Magic
 + Level 3.3 Poison Magic
 + Level 4.4 Invocations
 + Level 4.0 Evocations


You had 12 spell levels left.
You knew the following spells:

 Your Spells              Type           Power      Damage    Failure   Level
a - Freeze                Ice            100%       1d10      1%          1
b - Frozen Ramparts       Ice            50%        1d8       4%          3
c - Lesser Beckoning      Tloc           36%        N/A       10%         3
d - Blink                 Tloc           36%        N/A       4%          2

Your spell library contained the following spells:

 Spells                   Type           Power      Damage    Failure   Level
 Slow                     Hex            100%       N/A       1%          1
 Ensorcelled Hibernation  Hex/Ice        50%        N/A       2%          2
 Kiss of Death            Conj/Necr      72%        2d10      3%          1
 Momentum Strike          Conj/Tloc      36%        3d9       4%          2
 Passwall                 Tmut/Erth      15%        N/A       4%          2
 Confusing Touch          Hex            25%        N/A       4%          3
 Swiftness                Air            18%        N/A       10%         3
 Vhi's Electric Charge    Tloc/Air       36%        N/A       10%         3
 Cause Fear               Hex            12%        N/A       16%         4
 Dispel Undead            Necr           18%        3d11      32%         4
 Arcjolt                  Conj/Air       9%         1d19      65%         5
 Maxwell's Capacitive Co  Air            9%         ∞         100%        8


Dungeon Overview and Level Annotations

Branches:
Dungeon (7/15)             Temple (1/1) D:4

Altars:
Cheibriados
Elyvilon
Gozag
Hepliaklqana
Makhleb
Nemelex Xobeh
Okawaru
Ru
Trog
Vehumet
Wu Jian
Xom
Zin

Shops:
D:4 (   D:6 !


Innate Abilities, Weirdness & Mutations

You have very sharp teeth.
Your uncanny sense of smell can sniff out nearby items.
Your experience applies equally to all skills.


Message History

Cheibriados protects you from inadvertent hurry.
You feel mighty! The wight barely misses you. The wight closely misses you.
You are too berserk!
You hit the wight!
The wight is almost destroyed.
The wight closely misses you. The wight hits you but does no damage.
You hit the wight. You punch the wight.
You destroy the wight!
Cheibriados thoroughly appreciates the change of pace.
Your surroundings suddenly seem different.
An ice beast comes into view.
Your Short Blades skill increases to level 4!
Your Long Blades skill increases to level 4!
Your Axes skill increases to level 4!
Your Maces & Flails skill increases to level 4!
Your Polearms skill increases to level 4!
Your Staves skill increases to level 4!
Your Ranged Weapons skill increases to level 4!
Your Armour skill increases to level 4!
Your Dodging skill increases to level 4!
Your Stealth skill increases to level 4!
Your Shields skill increases to level 4!
Your Unarmed Combat skill increases to level 4!
Your Evocations skill increases to level 4!
The door flies open with a bang!
Found a leather armour.
You feel a strong urge to attack something.
There is an open door here.
You are no longer berserk.
You are exhausted.
You feel yourself slow down.
There is an open door here.
You hit the ice beast but do no damage. You burn the ice beast!
You punch the ice beast, but do no damage.
The ice beast is moderately wounded.
The ice beast hits you but does no damage.
The ice beast hits you.
* * * LOW HITPOINT WARNING * * *
The ice beast freezes you!
You die...

...........#
...........#
...........#
...........#∆
§..........# ∆
§..........#
§..........#
.......Y...#
.....###@###
... #..........
# #........[.
............
.............
...............
###############


You could see an ice beast.

Vanquished Creatures
  Sigmund (D:3)
  Duvessa (D:6)
  A black bear (D:6)
  3 ogres
  A bullfrog (D:7)
  A scorpion (D:1)
  5 wights
  Dowan (D:6)
  A howler monkey (D:7)
  A jelly (D:6)
  3 hounds
  An orc priest (D:5)
  2 iguanas
  Natasha (thrice) (D:3)
  6 orc wizards
  Robin (D:2)
  4 gnolls (D:5)
  7 adders
  A white imp (D:6)
  A worm (D:2)
  2 dart slugs
  16 orcs
  6 endoplasms
  3 giant cockroaches
  16 goblins
  15 hobgoblins
  5 jackals
  5 quokkas
  10 ball pythons
  A bat (D:2)
  5 frilled lizards
  5 kobolds
  9 rats
143 creatures vanquished.

Notes
Turn   | Place    | Note
-------+----------+-------------------------------------------
     0 | D:1      | wormed the Gnoll Wanderer began the quest for the Orb.
     0 | D:1      | wormed set off with the following items: a +0 dagger, 14
                  | poisoned darts, a scroll of vulnerability, a +0 robe; and
                  | the following spells available to memorise: Freeze, Slow,
                  | Confusing Touch, Frozen Ramparts, Cause Fear.
     0 | D:1      | Reached XP level 1. HP: 20/20 MP: 6/6
   389 | D:1      | Reached XP level 2. HP: 25/26 MP: 7/7
  1428 | D:2      | Noticed a scorpion
  1441 | D:1      | Killed a scorpion
  1442 | D:1      | Reached skill level 1 in Short Blades
  1442 | D:1      | Reached skill level 1 in Long Blades
  1442 | D:1      | Reached skill level 1 in Axes
  1442 | D:1      | Reached skill level 1 in Maces & Flails
  1442 | D:1      | Reached skill level 1 in Polearms
  1442 | D:1      | Reached skill level 1 in Staves
  1442 | D:1      | Reached skill level 1 in Ranged Weapons
  1442 | D:1      | Reached skill level 1 in Armour
  1442 | D:1      | Reached skill level 1 in Dodging
  1442 | D:1      | Reached skill level 1 in Stealth
  1442 | D:1      | Reached skill level 1 in Shields
  1442 | D:1      | Reached skill level 1 in Unarmed Combat
  1442 | D:1      | Reached skill level 5 in Spellcasting
  1442 | D:1      | Reached skill level 1 in Conjurations
  1442 | D:1      | Reached skill level 1 in Summonings
  1442 | D:1      | Reached skill level 1 in Necromancy
  1442 | D:1      | Reached skill level 1 in Translocations
  1442 | D:1      | Reached skill level 1 in Transmutations
  1442 | D:1      | Reached skill level 1 in Fire Magic
  1442 | D:1      | Reached skill level 1 in Air Magic
  1442 | D:1      | Reached skill level 1 in Earth Magic
  1442 | D:1      | Reached skill level 1 in Poison Magic
  1442 | D:1      | Reached skill level 1 in Invocations
  1442 | D:1      | Reached skill level 1 in Evocations
  1442 | D:1      | Reached XP level 3. HP: 14/31 MP: 7/9
  1442 | D:1      | Reached XP level 4. HP: 17/38 MP: 8/11
  1797 | D:2      | Learned a level 1 spell: Freeze
  1801 | D:2      | Learned a level 3 spell: Frozen Ramparts
  1878 | D:2      | Noticed Robin
  1901 | D:2      | Killed Robin
  1902 | D:2      | Reached XP level 5. HP: 30/43 MP: 2/12
  2050 | D:2      | Found a burning altar of Makhleb.
  2124 | D:2      | Found a faded altar of an unknown god.
  2823 | D:3      | Noticed Sigmund
  2845 | D:3      | Killed Sigmund
  2846 | D:3      | Reached skill level 5 in Fighting
  2846 | D:3      | Reached skill level 5 in Throwing
  2846 | D:3      | Reached XP level 6. HP: 34/51 MP: 9/14
  3002 | D:3      | Noticed Natasha
  3004 | D:3      | Killed Natasha
  3776 | D:3      | Noticed Natasha
  3794 | D:3      | Killed Natasha
  3795 | D:3      | Reached XP level 7. HP: 23/56 MP: 9/15
  3943 | D:3      | Noticed Natasha
  3955 | D:3      | Killed Natasha
  4439 | D:4      | Found a staircase to the Ecumenical Temple.
  4482 | Temple   | Entered the Ecumenical Temple
  4534 | Temple   | Became a worshipper of Cheibriados the Contemplative
  4676 | D:4      | Found Usukhli's Weapon Emporium.
  5110 | D:5      | Entered Level 5 of the Dungeon
  5142 | D:5      | Reached * piety under Cheibriados
  5402 | D:5      | Found a shimmering altar of Xom.
  5569 | D:5      | Reached XP level 8. HP: 63/63 MP: 11/16
  5813 | D:5      | Reached ** piety under Cheibriados
  6368 | D:6      | Found Qirus's Distillery.
  6371 | D:6      | Identified the +0 pair of gloves of the Villain {-Tele MP+9
                  | Str+3 Dex+3}
  6611 | D:6      | Found a glowing silver altar of Zin.
  7183 | D:6      | Noticed Dowan
  7189 | D:6      | Noticed Duvessa
  7192 | D:6      | Killed Dowan
  7196 | D:6      | Killed Duvessa
  7200 | D:6      | Learned a level 2 spell: Blink
  7204 | D:6      | Learned a level 3 spell: Lesser Beckoning
  7470 | D:7      | Reached skill level 5 in Hexes
  7470 | D:7      | Reached skill level 5 in Ice Magic
  7805 | D:7      | Reached XP level 9. HP: 46/69 MP: 15/18
  7822 | D:7      | Slain by an ice beast

Illustrated notes

Levels and vault maps discovered:
D:1:      nagdon_arrival_double_spiral, layout_loops_ring
D:2:      layout_loops_ring, chequers_ecumenical_altar_simple_redux,
          basic_altar, minmay_pentomino_pile, uniq_robin
D:3:      layout_basic, palyth_stone_intersect, corexii_hall_statues_deadend,
          nicolae_concentric_dashed_squares_mild, uniq_sigmund, uniq_natasha
D:4:      layout_rooms, minmay_temple_entry_poolview, serial_shops, shop,
          serial_bayou_pond_c, nicolae_elevator_lobby_plus
D:5:      layout_rooms, mainiacjoe_overflow_small_starburst,
          nicolae_elevator_lobby_asterisk
D:6:      layout_cave_pods, kennysheep_mini_moat, serial_shops,
          nicolae_diamond_shop, kennysheep_pointless_box, uniq_duvessa
D:7:      layout_gridville, grunt_qazlal_sundering, nrook_uturn,
          kennysheep_small_circle
Temple:   nicolae_temple_ecumenical_triangle

Skill      XL: |  1  2  3  4  5  6  7  8  9 |
---------------+----------------------------+-----
Short Blades   | 1 2 3 4 |  4.0
Long Blades    | 1 2 3 4 |  4.0
Axes           | 1 2 3 4 |  4.0
Maces & Flails | 1 2 3 4 |  4.0
Polearms       | 1 2 3 4 |  4.0
Staves         | 1 2 3 4 |  4.0
Ranged Weapons | 1 2 3 4 |  4.0
Armour         | 1 2 3 4 |  4.0
Dodging        | 1 2 3 4 |  4.0
Stealth        | 1 2 3 4 |  4.0
Shields        | 1 2 3 4 |  4.0
Unarmed Combat | 1 2 3 4 |  4.0
Spellcasting   | 5 6 |  6.5
Conjurations   | 1 2 3 |  3.3
Summonings     | 1 2 3 |  3.3
Necromancy     | 1 2 3 |  3.3
Translocations | 1 2 3 |  3.3
Transmutations | 1 2 3 |  3.3
Fire Magic     | 1 2 3 |  3.3
Air Magic      | 1 2 3 |  3.3
Earth Magic    | 1 2 3 |  3.3
Poison Magic   | 1 2 3 |  3.3
Invocations    | 1 2 3 4 |  4.4
Evocations     | 1 2 3 4 |  4.0
Hexes          | 4 5 |  5.1
Ice Magic      | 4 5 |  5.1
Fighting       | 5 6 |  6.1
Throwing       | 5 6 |  6.1

Action                   |  1- 3 |  4- 6 |  7- 9 || total
-------------------------+-------+-------+-------++-------
Melee: Dagger            |   150 |    54 |       ||   204
       Bite              |    18 |    10 |    17 ||    45
       Staff             |       |    93 |   151 ||   244
       Punch             |       |     5 |     6 ||    11
Throw: Dart              |     6 |       |       ||     6
 Cast: Freeze            |       |    21 |    63 ||    84
       Frozen Ramparts   |       |    18 |    23 ||    41
       Lesser Beckoning  |       |       |     1 ||     1
  Use: Scroll            |     5 |     1 |     7 ||    13
       Potion            |     1 |       |     4 ||     5
 Stab: Sleeping          |       |     2 |     1 ||     3
Armor: Robe              |    45 |    43 |       ||    88
       Leather armour    |       |       |    90 ||    90
Dodge: Dodged            |   134 |   111 |   171 ||   416

Table legend: (Time is in decaauts)
 A = Elapsed time spent in this place.
 B = Non-inter-level travel time spent in this place.
 C = Inter-level travel time spent in this place.
 D = Time resting spent in this place.
 E = Time spent auto-exploring this place.
 F = Levels seen in this place.
 G = Mean time per level.
                   A        B        C        D        E       F      G
               +--------+--------+--------+--------+--------+-----+--------+
         Total |   8586 |   8071 |    515 |    762 |   5827 |   8 | 1073.2 |
       Dungeon |   8522 |   8018 |    504 |    762 |   5797 |   7 | 1217.4 |
        Temple |     64 |     54 |     10 |      0 |     30 |   1 |   64.0 |
               +--------+--------+--------+--------+--------+-----+--------+

Top non-repeatable levels by time:
     D:6: 2116 daAuts
     D:3: 1661 daAuts
     D:1: 1630 daAuts
     D:5: 1120 daAuts
     D:4: 968 daAuts
     D:2: 944 daAuts
     D:7: 81 daAuts
  Temple: 64 daAuts
